 Dungeon Crawl Stone Soup version 0.22.1-6-g1668fe2 (webtiles) character file.

187 Kairos the Shield-Bearer (level 5, -1/28 HPs)
             Began as a Vine Stalker Fighter on Jan 23, 2019.
             Slain by an orc warrior
             ... wielding a +0 glaive
              (10 damage)
             ... on level 3 of the Dungeon.
             The game lasted 00:03:44 (2126 turns).

Kairos the Shield-Bearer (Vine Stalker Fighter)     Turns: 2126, Time: 00:03:45

Health: -1/28      AC:  8    Str: 19    XL:     5   Next: 66%
Magic:  0/6        EV:  4    Int:  8    God:
Gold:   153        SH:  9    Dex: 14    Spells: 4/4 levels left

rFire    . . .     SeeInvis .   a - +0 war axe
rCold    . . .     Gourm    .   c - +0 shield
rNeg     . . .     Faith    .   q - +0 chain mail
rPois    .         Spirit   +   (no helmet)
rElec    .         Reflect  .   (no cloak)
rCorr    .         Harm     .   (no gloves)
MR       .....                  (no boots)
Stlth    ..........             (no amulet)
HPRegen  0.49/turn              (no ring)
MPRegen  0.10/turn              (no ring)

@: drained
A: fangs 2, regeneration 1, magic shield, antimagic bite, no potion heal 3, rot
immunity
a: no special abilities


You were on level 3 of the Dungeon.
You were not hungry.

You visited 1 branch of the dungeon, and saw 3 of its levels.

You collected 153 gold pieces.

Inventory:

Hand Weapons
 a - a +0 war axe (weapon)
 t - a +2 flail of protection
Missiles
 j - 7 javelins (quivered)
Armour
 b - a +0 scale mail
 c - a +0 shield (worn)
 q - a +0 chain mail (worn)
Jewellery
 l - an uncursed amulet of faith
 p - an uncursed ring of ice
Scrolls
 g - a scroll of amnesia {unknown}
 i - a scroll of fear {unknown}
 k - 4 scrolls of identify {unknown}
 m - a scroll of fog {unknown}
 n - a scroll of blinking {unknown}
 r - a scroll of enchant weapon {unknown}
 s - a scroll of enchant armour {unknown}
Potions
 d - a potion of might
 e - 2 potions of heal wounds {unknown}
 h - a potion of brilliance {unknown}
 o - 2 potions of flight {unknown}
Comestibles
 f - 4 rations


   Skills:
 + Level 3.4(2.7) Fighting
 + Level 3.2(2.5) Axes
 + Level 3.0(2.3) Armour
 + Level 0.2(0.0) Dodging
 + Level 0.2(0.0) Stealth
 + Level 3.8(3.1) Shields


You had 4 spell levels left.
You didn't know any spells.
Your spell library contained the following spells:

 Spells                   Type           Power        Failure   Level  Hunger
 Beastly Appendage        Tmut           #.....       100%        1    ##.....
 Sticks to Snakes         Tmut           #.......     100%        2    ###....
 Spider Form              Tmut/Pois      #.........   100%        3    ####...
 Ice Form                 Ice/Tmut       #.......     100%        4    #####..
 Blade Hands              Tmut           #.........   100%        5    ######.


Dungeon Overview and Level Annotations

Branches:
Dungeon (3/15)

Altars:
Wu Jian


Innate Abilities, Weirdness & Mutations

You have extremely sharp teeth.
Your natural rate of healing is unusually fast.
When hurt, damage is shared between your health and your magic reserves.
Your bite disrupts and absorbs the magic of your enemies.
Potions cannot restore your health.
You are immune to rotting.


Message History

You are too injured to fight recklessly!
You are too injured to fight recklessly!
You are too injured to fight recklessly!
You are too injured to fight recklessly!
You are too injured to fight recklessly!
You are too injured to fight recklessly!
You are too injured to fight recklessly!
You are too injured to fight recklessly!
You are too injured to fight recklessly!
You are too injured to fight recklessly!
You are too injured to fight recklessly!
You are too injured to fight recklessly!
Unknown command.
An orc priest comes into view. It is wielding a whip.
The orc priest shouts!
The orc warrior hits you from afar with a glaive!
* * * LOW HITPOINT WARNING * * *
You block the orc warrior's attack. The orc warrior hits you with a glaive!
You die...

###### ##))#)#
#..).)) ###.)).))
#....)#). #.##.####
#.#### ###########
#.# ###
#.ooo@....####.###.#
#o#######.#..÷..##†#
###.###
#.#.....##.###
#...†.#
#.#[..^...#...
###.....#
#.#.....##.###
#.o.....#
#.#.....##.#
#o#.....#
#.###..###.###
#.#.....#####.###.(#
#.##. #
###..............#
#.##.


You could see an orc warrior, an orc priest and 2 orcs.

Vanquished Creatures
  Crazy Yiuf (D:3)
  An orc wizard (D:3)
  4 adders
  3 oozes (D:1)
  A dart slug (D:1)
  3 worms
  2 leopard geckos (D:3)
  5 orcs
  7 bats
  4 giant cockroaches
  5 goblins
  9 hobgoblins
  6 jackals
  7 kobolds
  5 frilled lizards
  5 rats
68 creatures vanquished.

Notes
Turn   | Place    | Note
-------+----------+-------------------------------------------
     0 | D:1      | Kairos the Vine Stalker Fighter began the quest for the
                  | Orb.
     0 | D:1      | Reached XP level 1. HP: 11/11 MP: 2/2
    42 | D:1      | Reached XP level 2. HP: 13/16 MP: 3/3
   349 | D:1      | Reached XP level 3. HP: 20/20 MP: 4/4
  1078 | D:2      | Found an ornate altar of the Wu Jian Council.
  1208 | D:2      | Gained mutation: Your natural rate of healing is unusually
                  | fast. [Vine Stalker growth]
  1208 | D:2      | Reached XP level 4. HP: 24/24 MP: 5/5
  1658 | D:3      | Reached XP level 5. HP: 11/28 MP: 6/6
  2050 | D:3      | Found a runed door.
  2054 | D:3      | Noticed Crazy Yiuf
  2059 | D:3      | Killed Crazy Yiuf
  2111 | D:3      | Noticed an orc warrior
  2126 | D:3      | Slain by an orc warrior

Skill      XL: |  1  2  3  4  5 |
---------------+----------------+-----
Shields        | 3 |  3.8
Fighting       | 3 |  3.4
Axes           | 2 3 |  3.2
Armour         | 3 |  3.0
Dodging        | |  0.2
Stealth        | |  0.2

Action                   |  1- 3 |  4- 6 || total
-------------------------+-------+-------++-------
Melee: War axe           |    95 |    96 ||   191
       Bite              |    20 |    24 ||    44
Throw: Javelin           |       |     1 ||     1
  Eat: Chunk             |       |     4 ||     4
Armor: Scale mail        |    54 |     7 ||    61
       Chain mail        |       |    84 ||    84
Dodge: Dodged            |    23 |    28 ||    51
Block: Shield            |    44 |    83 ||   127
